PUBAA
ROME MAELSTROM @ OCEAN CITY SAILORS
07/03/1972
 
TOP OF THE 1ST
Rome Maelstrom batting - Pitching for Ocean City Sailors : RHP Ernest Owens
Pitching: RHP Ernest Owens
Batting: SHB Bill Williams 0-0: Ball
1-0: Called Strike
1-1: Foul Ball, location: 2F
1-2: Foul Ball, location: 2F
1-2: Ball
2-2: Ball
3-2: Strikes out looking
Batting: RHB Sakutaro Iwasaki 0-0: Swinging Strike
0-1: Ball
1-1: Ball
2-1: Ball
3-1: Base on Balls
Batting: LHB Bob Randall 0-0: Ball
1-0: Ball
2-0: Ball
3-0: Base on Balls
Sakutaro Iwasaki to second
Batting: RHB Juan Santos 0-0: Called Strike
0-1: Ball
1-1: Fly out, F6 (Popup, 6M, EV 56.9 MPH)
Batting: RHB Cole Brooks 0-0: Ball
1-0: Ball
2-0: Foul Ball, location: 2F
2-1: SINGLE (Line Drive, 9S, EV 109.4 MPH)
Sakutaro Iwasaki to third
Bob Randall to second
Runner from 3rd tries for Home, SAFE, throw by RF to home
Batting: SHB Ron Cook 0-0: Ball
1-0: Ball
2-0: Fly out, F8 (Flyball, 8LM, EV 95.0 MPH)
Top of the 1st over - 1 run, 1 hit, 0 errors, 2 left on base; Rome 1 - Ocean City 0
BOTTOM OF THE 1ST
Ocean City Sailors batting - Pitching for Rome Maelstrom : RHP Ramiro Reyes
Pitching: RHP Ramiro Reyes
Batting: RHB Florante Calzado 0-0: Ball
1-0: Ball
2-0: DOUBLE (Line Drive, 9LS, EV 104.4 MPH)
Batting: LHB Brian Gómez 0-0: Called Strike
0-1: Ball
1-1: Ball
2-1: Fly out, F4 (Popup, 4D, EV 52.5 MPH)
Batting: RHB Andre Welch 0-0: Foul Ball, location: 2F
0-1: Ball
1-1: Fly out, F7 (Line Drive, 7S, EV 85.0 MPH)
Batting: RHB Rob Smith 0-0: Swinging Strike
0-1: Ground out 1-3 (Groundball, 13S, EV 71.3 MPH)
Bottom of the 1st over - 0 runs, 1 hit, 0 errors, 1 left on base; Rome 1 - Ocean City 0
TOP OF THE 2ND
Rome Maelstrom batting - Pitching for Ocean City Sailors : RHP Ernest Owens
Batting: RHB Tom Grant 0-0: Ball
1-0: Fly out, F7 (Line Drive, 7, EV 89.4 MPH)
Batting: RHB Tim Oglethorpe 0-0: Called Strike
0-1: Fly out, F6 (Popup, 6MS, EV 78.8 MPH)
Batting: SHB Jim Unknown 0-0: Foul Ball, location: 9LMF
0-1: Swinging Strike
0-2: Strikes out swinging
Top of the 2nd over - 0 runs, 0 hits, 0 errors, 0 left on base; Rome 1 - Ocean City 0
BOTTOM OF THE 2ND
Ocean City Sailors batting - Pitching for Rome Maelstrom : RHP Ramiro Reyes
Batting: RHB Clay Miller 0-0: Ball
1-0: Ball
2-0: Ball
3-0: Called Strike
3-1: Base on Balls
Batting: RHB Brandon Rose 0-0: Ball
1-0: Called Strike
Clay Miller steals 2nd base
1-1: Ball
2-1: SINGLE (Line Drive, 56, EV 103.8 MPH)
Clay Miller to third
Batting: RHB António Uribe 0-0: Ball
1-0: Ball
2-0: Called Strike
2-1: Foul Ball, location: 2F
2-2: Ball
3-2: Fly out, F7 (Flyball, 7, EV 85.6 MPH)
Runner from 3rd tags up, SCORES, throw by LF
Batting: RHB Rubén Martínez 0-0: Ball
1-0: Ball
2-0: Called Strike
2-1: Ball
3-1: Foul Ball, location: 2F
3-2: Base on Balls
Brandon Rose to second
Batting: SHB Artie Herrera 0-0: Called Strike
0-1: Swinging Strike
0-2: Ball
1-2: Foul Ball, location: 2F
1-2: Strikes out swinging
Batting: RHB Florante Calzado 0-0: Ball
1-0: Called Strike
1-1: Ball
2-1: Called Strike
2-2: Ball
3-2: Base on Balls
Brandon Rose to third
Rubén Martínez to second
Batting: LHB Brian Gómez 0-0: Fly out, F8 (Flyball, 89M, EV 87.5 MPH)
Bottom of the 2nd over - 1 run, 1 hit, 0 errors, 3 left on base; Rome 1 - Ocean City 1
TOP OF THE 3RD
Rome Maelstrom batting - Pitching for Ocean City Sailors : RHP Ernest Owens
Batting: SHB Bill Williams 0-0: Called Strike
0-1: SINGLE (Line Drive, 56, EV 98.8 MPH)
Batting: RHB Sakutaro Iwasaki 0-0: Sac Bunt to 25 - play at first, batter OUT! 5-3
Bill Williams to second
Batting: LHB Bob Randall 0-0: Called Strike
0-1: Foul Ball, location: 7LSF
0-2: Foul Ball, location: 7LDF
0-2: Ball
1-2: Ball
2-2: Ball
3-2: Foul Ball, location: 23F
3-2: Foul Ball, location: 25F
3-2: Base on Balls
Batting: RHB Juan Santos 0-0: Ball
1-0: Ball
2-0: Called Strike
2-1: Foul Ball, location: 9LMF
2-2: Strikes out looking
Batting: RHB Cole Brooks 0-0: Foul Ball, location: 23FF
0-1: Ball
1-1: Ball
2-1: Called Strike
2-2: Fielders Choice at 2nd, U6 (Groundball, 4MD, EV 98.8 MPH)
Top of the 3rd over - 0 runs, 1 hit, 0 errors, 2 left on base; Rome 1 - Ocean City 1
BOTTOM OF THE 3RD
Ocean City Sailors batting - Pitching for Rome Maelstrom : RHP Ramiro Reyes
Batting: RHB Andre Welch 0-0: Called Strike
0-1: Ball
1-1: SINGLE (Line Drive, 6MD, EV 94.4 MPH)
Batting: RHB Rob Smith 0-0: Ball
1-0: Foul Ball, location: 2F
1-1: Ball
Wild Pitch!
Andre Welch to second
2-1: Foul Ball, location: 2F
2-2: Strikes out swinging
Batting: RHB Clay Miller 0-0: Ball
Andre Welch steals 3rd base
1-0: Ball
2-0: Foul Ball, location: 2F
2-1: Ball
3-1: Base on Balls
Batting: RHB Brandon Rose 0-0: Swinging Strike
0-1: Ball
1-1: Ball
2-1: Ball
3-1: Swinging Strike
3-2: Strikes out looking
Batting: RHB António Uribe 0-0: Ball
1-0: Called Strike
1-1: Called Strike
1-2: Strikes out swinging
Bottom of the 3rd over - 0 runs, 1 hit, 0 errors, 2 left on base; Rome 1 - Ocean City 1
TOP OF THE 4TH
Rome Maelstrom batting - Pitching for Ocean City Sailors : RHP Ernest Owens
Batting: SHB Ron Cook 0-0: Ball
1-0: Ball
2-0: SINGLE (Line Drive, 4D, EV 99.4 MPH)
Batting: RHB Tom Grant 0-0: Ball
1-0: Ball
2-0: Fielders Choice at 2nd, 6-4 (Groundball, 6, EV 79.4 MPH)
Batting: RHB Tim Oglethorpe 0-0: Ball
Tom Grant is caught stealing 2nd base 2-4
1-0: Swinging Strike
1-1: Foul Ball, location: 5F
1-2: Ball
2-2: Foul Ball, location: 2F
2-2: Foul Ball, location: 2F
2-2: Ground out 5-3 (Groundball, 56, EV 95.6 MPH)
Top of the 4th over - 0 runs, 1 hit, 0 errors, 0 left on base; Rome 1 - Ocean City 1
BOTTOM OF THE 4TH
Ocean City Sailors batting - Pitching for Rome Maelstrom : RHP Ramiro Reyes
Batting: RHB Rubén Martínez 0-0: Foul Ball, location: 23F
0-1: Fly out, F3 (Popup, 3S, EV 86.3 MPH)
Batting: SHB Artie Herrera 0-0: Ball
1-0: Ball
2-0: Ball
3-0: Called Strike
3-1: Swinging Strike
3-2: Fly out, F4 (Popup, 4MS, EV 83.8 MPH)
Batting: RHB Florante Calzado 0-0: Ball
1-0: Called Strike
1-1: Ball
2-1: Ball
3-1: Base on Balls
Batting: LHB Brian Gómez 0-0: Ball
1-0: Called Strike
1-1: Ball
2-1: 2-RUN HOME RUN (Flyball, 7D, EV 98.1 MPH), Distance : 367 ft
Batting: RHB Andre Welch 0-0: Swinging Strike
0-1: Called Strike
0-2: Strikes out looking
Bottom of the 4th over - 2 runs, 1 hit, 0 errors, 0 left on base; Rome 1 - Ocean City 3
TOP OF THE 5TH
Rome Maelstrom batting - Pitching for Ocean City Sailors : RHP Ernest Owens
Batting: SHB Jim Unknown 0-0: Foul Ball, location: 7LDF
0-1: Swinging Strike
0-2: Foul Ball, location: 2F
0-2: Ball
1-2: Strikes out swinging
Batting: SHB Bill Williams 0-0: Fly out, F6 (Line Drive, 6, EV 68.1 MPH)
Batting: RHB Sakutaro Iwasaki 0-0: Ball
1-0: Ball
2-0: SOLO HOME RUN (Flyball, 9LD, EV 93.8 MPH), Distance : 347 ft
Batting: LHB Bob Randall 0-0: Foul Ball, location: 2F
0-1: Ball
1-1: Called Strike
1-2: Strikes out looking
Top of the 5th over - 1 run, 1 hit, 0 errors, 0 left on base; Rome 2 - Ocean City 3
BOTTOM OF THE 5TH
Ocean City Sailors batting - Pitching for Rome Maelstrom : RHP Ramiro Reyes
Batting: RHB Rob Smith 0-0: Foul Ball, location: 2F
0-1: Ball
1-1: Ball
2-1: Fly out, F8 (Flyball, 8LD, EV 103.1 MPH)
Batting: RHB Clay Miller 0-0: Ball
1-0: Ball
2-0: Ball
3-0: Called Strike
3-1: Called Strike
3-2: Fly out, F8 (Line Drive, 8LS, EV 95.0 MPH)
Batting: RHB Brandon Rose 0-0: Ball
1-0: Called Strike
1-1: Fly out, F8 (Flyball, 8LM, EV 90.6 MPH)
Bottom of the 5th over - 0 runs, 0 hits, 0 errors, 0 left on base; Rome 2 - Ocean City 3
TOP OF THE 6TH
Rome Maelstrom batting - Pitching for Ocean City Sailors : RHP Ernest Owens
Batting: RHB Juan Santos 0-0: Called Strike
0-1: Foul Ball, location: 3F
0-2: Ball
1-2: Ball
2-2: Ground out 1-3 (Groundball, 15S, EV 75.6 MPH)
Batting: RHB Cole Brooks 0-0: Ball
1-0: Ball
2-0: Ball
3-0: Called Strike
3-1: Base on Balls
Pitching: RHP Vicente Romo
Batting: SHB Ron Cook 0-0: Ball
1-0: Ball
Wild Pitch!
Cole Brooks to second
2-0: SINGLE (Line Drive, 89S, EV 105.0 MPH)
Cole Brooks to third
Pinch Hitting: LHB Don Rippin 0-0: Ball
1-0: Ball
2-0: Ball
3-0: Called Strike
3-1: Foul Ball, location: 2F
3-2: Foul Ball, location: 25FF
3-2: Foul Ball, location: 5F
3-2: Base on Balls
Ron Cook to second
Pinch Hitting: RHB Anastasio Gonzáles 0-0: Ball
1-0: SINGLE (Line Drive, 78S, EV 86.3 MPH)
Cole Brooks scores
Ron Cook to third
Don Rippin to second
Batting: SHB Jim Unknown 0-0: Ball
1-0: Ball
2-0: Called Strike
2-1: Swinging Strike
2-2: Strikes out looking
Batting: SHB Bill Williams 0-0: Ball
1-0: Foul Ball, location: 2F
1-1: Swinging Strike
1-2: Strikes out swinging
Top of the 6th over - 1 run, 2 hits, 0 errors, 3 left on base; Rome 3 - Ocean City 3
BOTTOM OF THE 6TH
Ocean City Sailors batting - Pitching for Rome Maelstrom : RHP Ramiro Reyes
Now at 2B: Pedro Garcia
Now in LF: Tom Grieve
Batting: RHB António Uribe 0-0: Called Strike
0-1: Foul Ball, location: 2F
0-2: Ball
1-2: Ground out 6-3 (Groundball, 6M, EV 77.5 MPH)
Batting: RHB Rubén Martínez 0-0: Ball
1-0: Ball
2-0: Called Strike
2-1: SINGLE (Line Drive, 6MD, EV 98.1 MPH)
Batting: SHB Artie Herrera 0-0: Ball
1-0: Ball
Rubén Martínez steals 2nd base
2-0: Ground out 3-1 (Groundball, 34, EV 107.5 MPH)
Rubén Martínez to third
Batting: RHB Florante Calzado 0-0: Swinging Strike
0-1: Ball
1-1: Fly out, F7 (Flyball, 78M, EV 80.6 MPH)
Bottom of the 6th over - 0 runs, 1 hit, 0 errors, 1 left on base; Rome 3 - Ocean City 3
TOP OF THE 7TH
Rome Maelstrom batting - Pitching for Ocean City Sailors : RHP Vicente Romo
Pinch Hitting: LHB Cole Jennings 0-0: Ground out 6-3 (Groundball, 6, EV 80.6 MPH)
Batting: LHB Bob Randall 0-0: Foul Ball, location: 9LMF
0-1: Swinging Strike
0-2: Ball
1-2: Foul Ball, location: 2F
1-2: Foul Ball, location: 5F
1-2: Ball
2-2: Strikes out looking
Batting: RHB Juan Santos 0-0: Called Strike
0-1: Called Strike
0-2: Ground out 5-3 (Groundball, 5S, EV 65.0 MPH)
Top of the 7th over - 0 runs, 0 hits, 0 errors, 0 left on base; Rome 3 - Ocean City 3
BOTTOM OF THE 7TH
Ocean City Sailors batting - Pitching for Rome Maelstrom : RHP Ramiro Reyes
Now in LF: Cole Jennings
Now in RF: Tom Grieve
Batting: LHB Brian Gómez 0-0: Ball
1-0: Ball
2-0: Called Strike
2-1: Ground out 6-3 (Groundball, 6M, EV 88.1 MPH)
Batting: RHB Andre Welch 0-0: Ball
1-0: Called Strike
1-1: Called Strike
1-2: Ball
2-2: Foul Ball, location: 2F
2-2: Fly out, F8 (Flyball, 8LD, EV 98.8 MPH)
Batting: RHB Rob Smith 0-0: Ball
1-0: Called Strike
1-1: Swinging Strike
1-2: Strikes out swinging
Bottom of the 7th over - 0 runs, 0 hits, 0 errors, 0 left on base; Rome 3 - Ocean City 3
TOP OF THE 8TH
Rome Maelstrom batting - Pitching for Ocean City Sailors : RHP Vicente Romo
Batting: RHB Cole Brooks 0-0: SINGLE (Line Drive, 9S, EV 91.3 MPH)
Pitching: RHP Brian Alexander
Batting: SHB Ron Cook 0-0: Bunted foul
0-1: Bunted foul
0-2: Ball
1-2: Foul Ball, location: 2F
1-2: Foul Ball, location: 2F
1-2: Ball
2-2: Fly out, F7 (Flyball, 7D, EV 107.5 MPH)
Pinch Hitting: LHB Lawrence Bell 0-0: Called Strike
0-1: SINGLE (Groundball, 56D, EV 97.5 MPH)
Cole Brooks to second
Pinch Runner at 2nd Tim Ballard:
Pinch Hitting: SHB Rusty Torres 0-0: Ball
1-0: Foul Ball, location: 2F
1-1: Called Strike
1-2: Ball
2-2: Grounds into double play, 4-6-3 (Groundball, 4, EV 77.5 MPH)
Top of the 8th over - 0 runs, 2 hits, 0 errors, 1 left on base; Rome 3 - Ocean City 3
BOTTOM OF THE 8TH
Ocean City Sailors batting - Pitching for Rome Maelstrom : RHP Ramiro Reyes
Pitching: RHP Roberto González
Now at 2B: Tim Ballard
Now at 3B: George Wise
Now in RF: Rusty Torres
Pinch Hitting: RHB Terrence Henry 0-0: Ball
1-0: Ball
2-0: Called Strike
2-1: Ball
3-1: Foul Ball, location: 3F
3-2: Base on Balls
Pinch Hitting: LHB Stanton Dobson 0-0: Called Strike
0-1: Swinging Strike
0-2: Strikes out looking
Pinch Hitting: RHB Insung Kim 0-0: Ball
1-0: Ball
2-0: Foul Ball, location: 9LMF
2-1: Ball
3-1: Base on Balls
Terrence Henry to second
Pinch Hitting: SHB Elmer Preston 0-0: Ball
1-0: Swinging Strike
1-1: SINGLE (Groundball, 34D, EV 100.6 MPH)
Terrence Henry to third
Insung Kim to second
Runner from 3rd tries for Home, SAFE, throw by RF to home
Insung Kim to third
Elmer Preston to second
Batting: SHB Artie Herrera 0-0: Ball
1-0: Ball
2-0: Foul Ball, location: 2F
2-1: Swinging Strike
2-2: Ball
3-2: Base on Balls
Batting: RHB Florante Calzado 0-0: Called Strike
0-1: Ball
1-1: Ball
2-1: Swinging Strike
2-2: Strikes out looking
Batting: LHB Brian Gómez 0-0: Ball
1-0: Called Strike
1-1: Ball
2-1: Foul Ball, location: 7LDF
2-2: Strikes out looking
Bottom of the 8th over - 1 run, 1 hit, 0 errors, 3 left on base; Rome 3 - Ocean City 4
TOP OF THE 9TH
Rome Maelstrom batting - Pitching for Ocean City Sailors : RHP Brian Alexander
Now at C: Roger Walker
Now at 3B: Henry Riley
Now at SS: Cam Hicks
Now in LF: Terrence Henry
Now in CF: Andre Welch
Now in RF: Rich McKinney
Pinch Hitting: RHB Vicente García 0-0: Called Strike
0-1: Swinging Strike
0-2: Ball
1-2: Foul Ball, location: 2F
1-2: Foul Ball, location: 2F
1-2: Foul Ball, location: 23F
1-2: Strikes out looking
Batting: SHB Bill Williams 0-0: Swinging Strike
0-1: SINGLE (Flyball, 78S, EV 93.1 MPH)
Batting: LHB Cole Jennings 0-0: DOUBLE (Line Drive, 78XD, EV 110.6 MPH)
Bill Williams to third
Runner from 3rd tries for Home, SAFE, throw by CF to home
Batting: LHB Bob Randall 0-0: Intentional Walk
Batting: RHB Juan Santos 0-0: Ball
1-0: Ball
2-0: Ball
3-0: Base on Balls
Cole Jennings to third
Bob Randall to second
Pinch Hitting: LHB James Taylor 0-0: Swinging Strike
0-1: Called Strike
0-2: Ball
1-2: Ball
2-2: Grounds into fielders choice 4-2 (Groundball, 34, EV 86.3 MPH)
Bob Randall to third
Juan Santos to second
Batting: SHB Ron Cook 0-0: Ball
1-0: Ball
2-0: Ball
3-0: Base on Balls
Bob Randall scores
Juan Santos to third
James Taylor to second
Pitching: RHP Buzz Capra
Batting: RHB George Wise 0-0: Ball
1-0: SINGLE (Line Drive, 8RS, EV 86.9 MPH)
Juan Santos scores
James Taylor to third
Ron Cook to second
Runner from 3rd tries for Home, SAFE, throw by CF to home
Batting: SHB Rusty Torres 0-0: Called Strike
0-1: Ball
1-1: Called Strike
1-2: Fly out, F9 (Flyball, 9LM, EV 78.8 MPH)
Top of the 9th over - 4 runs, 3 hits, 0 errors, 2 left on base; Rome 7 - Ocean City 4
BOTTOM OF THE 9TH
Ocean City Sailors batting - Pitching for Rome Maelstrom : RHP Roberto González
Now at C: Vicente García
Now at 2B: Pedro Rodríguez
Batting: RHB Andre Welch 0-0: Ball
1-0: DOUBLE (Flyball, 78XD, EV 95.0 MPH)
Batting: RHB Cam Hicks 0-0: Called Strike
0-1: Ball
Wild Pitch!
Andre Welch to third
1-1: Ball
2-1: Foul Ball, location: 3F
2-2: Foul Ball, location: 2F
2-2: Fielders Choice attempt at home, Runner SAFE. 6-2 (Groundball, 6, EV 106.9 MPH)
Batting: RHB Terrence Henry 0-0: Foul Ball, location: 5F
0-1: Ball
Passed Ball!
Cam Hicks to second
1-1: Ball
2-1: Ball
3-1: Foul Ball, location: 9LDF
3-2: Base on Balls
Batting: RHB Rich McKinney 0-0: Called Strike
0-1: Ball
1-1: Fly out, F8 (Flyball, 8LM, EV 96.9 MPH)
Pitching: LHP Jon Burnett
Batting: RHB Roger Walker 0-0: Ball
1-0: DOUBLE (Flyball, 7LD, EV 101.9 MPH)
Cam Hicks scores
Terrence Henry to third
Runner from 3rd tries for Home, SAFE, throw by LF to trailing runner, OUT at third! 7-3-5
Batting: RHB Henry Riley 0-0: Ball
1-0: Ball
2-0: Foul Ball, location: 2RF
2-1: Foul Ball, location: 2RF
2-2: Strikes out swinging
Bottom of the 9th over - 3 runs, 2 hits, 0 errors, 0 left on base; Rome 7 - Ocean City 7
TOP OF THE 10TH
Rome Maelstrom batting - Pitching for Ocean City Sailors : RHP Buzz Capra
Batting: RHB Vicente García 0-0: SINGLE (Groundball, 4D, EV 98.1 MPH)
Batting: SHB Bill Williams 0-0: Bunted foul
0-1: Bunted foul
0-2: Ball
1-2: SINGLE (Line Drive, 8LS, EV 101.3 MPH)
Vicente García to second
Batting: LHB Cole Jennings 0-0: Bunt missed!
0-1: Bunted foul
0-2: Ball
1-2: DOUBLE (Line Drive, 9LS, EV 111.3 MPH)
Vicente García scores
Bill Williams to third
Runner from 3rd tries for Home, throw by RF and OUT! 9-2
Batting: LHB Bob Randall 0-0: Intentional Walk
Batting: RHB Juan Santos 0-0: Called Strike
0-1: Ball
1-1: SINGLE (Groundball, 6MD, EV 106.9 MPH)
Cole Jennings to third
Bob Randall to second
Runner from 3rd tries for Home, SAFE, throw by CF to home
Batting: SHB Pedro Rodríguez 0-0: Foul Ball, location: 5FF
0-1: Ball
1-1: Foul Ball, location: 2F
1-2: Ball
2-2: Strikes out looking
Batting: SHB Ron Cook 0-0: Ball
1-0: Called Strike
1-1: Ball
2-1: Foul Ball, location: 2F
2-2: Fly out, F8 (Flyball, 8RM, EV 88.8 MPH)
Top of the 10th over - 2 runs, 4 hits, 0 errors, 2 left on base; Rome 9 - Ocean City 7
BOTTOM OF THE 10TH
Ocean City Sailors batting - Pitching for Rome Maelstrom : LHP Jon Burnett
Batting: SHB Artie Herrera 0-0: Ball
1-0: Called Strike
1-1: Swinging Strike
1-2: Foul Ball, location: 9LMF
1-2: Strikes out swinging
Batting: RHB Florante Calzado 0-0: Ball
1-0: Reached on error, E4 (Line Drive, 4M, EV 70.6 MPH)
Batting: LHB Brian Gómez 0-0: Called Strike
0-1: Swinging Strike
0-2: Strikes out swinging
Batting: RHB Andre Welch 0-0: Ball
1-0: Ball
2-0: Fly out, F7 (Flyball, 7S, EV 92.5 MPH)
Bottom of the 10th over - 0 runs, 0 hits, 1 error, 1 left on base; Rome 9 - Ocean City 7
Thursday, April 4th , 2024 - OOTP Baseball 24.8 Build 75